TOP OF THE 1ST |
Gainesville Guidos batting - Pitching for BlackIron Dragons : RHP Augusto Méndez
|
Pitching: RHP Augusto Méndez
|
|
Batting: RHB Iván Moreno
|
0-0: Called Strike 0-1: Foul Ball, location: 2F 0-2: Foul Ball, location: 2F 0-2: Ball 1-2: Ball 2-2: Strikes out swinging
|
Batting: LHB Eddy Jefferson
|
0-0: Swinging Strike 0-1: Foul Ball, location: 2F 0-2: Strikes out swinging
|
Batting: LHB Mark Owens
|
0-0: SINGLE (Groundball, 34D)
|
Batting: LHB António Cedeño
|
0-0: Ground out 1-3 (Groundball, 23)
|
Top of the 1st over - 0 run(s), 1 hit(s), 0 error(s), 1 left on base; Gainesville 0 - BlackIron 0 |
BOTTOM OF THE 1ST |
BlackIron Dragons batting - Pitching for Gainesville Guidos : LHP Dave Blackwell
|
Pitching: LHP Dave Blackwell
|
|
Batting: RHB Eugene Payne
|
0-0: Called Strike 0-1: Swinging Strike 0-2: Strikes out swinging
|
Batting: LHB Donnie Cunningham
|
0-0: Ball 1-0: Bunt missed! 1-1: Swinging Strike 1-2: Ball 2-2: Strikes out swinging
|
Batting: LHB Manuel Cardenas
|
0-0: Called Strike 0-1: Foul Ball, location: 2F 0-2: Strikes out swinging
|
Bottom of the 1st over - 0 run(s), 0 hit(s), 0 error(s), 0 left on base; Gainesville 0 - BlackIron 0 |
TOP OF THE 2ND |
Gainesville Guidos batting - Pitching for BlackIron Dragons : RHP Augusto Méndez
|
Batting: RHB José Ortega
|
0-0: Foul Ball, location: 2F 0-1: Ball 1-1: Ball 2-1: Foul Ball, location: 2F 2-2: Foul Ball, location: 2F 2-2: Fly out, F7 (Line Drive, 78S)
|
Batting: RHB John Little
|
0-0: Called Strike 0-1: Foul Ball, location: 2F 0-2: Strikes out swinging
|
Batting: RHB Alfredo Díaz
|
0-0: Ball 1-0: Ball 2-0: Called Strike 2-1: SINGLE (Line Drive, 56)
|
Batting: RHB Kyle O'Day
|
0-0: Called Strike 0-1: Foul Ball, location: 2F 0-2: Foul Ball, location: 2F 0-2: Ball 1-2: Foul Ball, location: 2F 1-2: Fly out, F3 (Popup, 3)
|
Top of the 2nd over - 0 run(s), 1 hit(s), 0 error(s), 1 left on base; Gainesville 0 - BlackIron 0 |
BOTTOM OF THE 2ND |
BlackIron Dragons batting - Pitching for Gainesville Guidos : LHP Dave Blackwell
|
Batting: RHB Gil Palmer
|
0-0: Ball 1-0: Ball 2-0: SINGLE (Groundball, 6MD)
|
Batting: LHB Culley Vaughan
|
0-0: Fielders Choice at 2nd, 4-6 (Groundball, 4)
|
Batting: RHB Frank Maxwell
|
0-0: SINGLE (Groundball, 25) (infield hit) Culley Vaughan to second
|
Batting: RHB Mark Arnold
|
0-0: Foul Ball, location: 2F 0-1: Swinging Strike 0-2: Ball 1-2: Ball 2-2: Strikes out swinging
|
Batting: RHB Preston MacLyan
|
0-0: Called Strike 0-1: Foul Ball, location: 2F 0-2: Foul Ball, location: 2F 0-2: Strikes out swinging
|
Bottom of the 2nd over - 0 run(s), 2 hit(s), 0 error(s), 2 left on base; Gainesville 0 - BlackIron 0 |
TOP OF THE 3RD |
Gainesville Guidos batting - Pitching for BlackIron Dragons : RHP Augusto Méndez
|
Batting: RHB Júlio Galló
|
0-0: Ball 1-0: Swinging Strike 1-1: Foul Ball, location: 2F 1-2: Foul Ball, location: 2F 1-2: Foul Ball, location: 2F 1-2: Strikes out looking
|
Batting: RHB Iván Moreno
|
0-0: Ball 1-0: Fly out, F8 (Flyball, 8LS)
|
Batting: LHB Eddy Jefferson
|
0-0: Swinging Strike 0-1: Called Strike 0-2: Ball 1-2: Ball 2-2: Ball 3-2: Fly out, F7 (Flyball, 7M)
|
Top of the 3rd over - 0 run(s), 0 hit(s), 0 error(s), 0 left on base; Gainesville 0 - BlackIron 0 |
BOTTOM OF THE 3RD |
BlackIron Dragons batting - Pitching for Gainesville Guidos : LHP Dave Blackwell
|
Batting: RHB Doug O'Brien
|
0-0: Ball 1-0: Swinging Strike 1-1: Swinging Strike 1-2: Strikes out swinging
|
Batting: RHB Eugene Payne
|
0-0: Ball 1-0: Swinging Strike 1-1: Ball 2-1: Ground out 6-3 (Groundball, 6MS)
|
Batting: LHB Donnie Cunningham
|
0-0: Ball 1-0: Foul Ball, location: 2F 1-1: Called Strike 1-2: Strikes out swinging
|
Bottom of the 3rd over - 0 run(s), 0 hit(s), 0 error(s), 0 left on base; Gainesville 0 - BlackIron 0 |
TOP OF THE 4TH |
Gainesville Guidos batting - Pitching for BlackIron Dragons : RHP Augusto Méndez
|
Batting: LHB Mark Owens
|
0-0: Ball 1-0: Ball 2-0: Ball 3-0: Called Strike 3-1: Fly out, F7 (Flyball, 7M)
|
Batting: LHB António Cedeño
|
0-0: Ball 1-0: Foul Ball, location: 2F 1-1: Fly out, F8 (Flyball, 8LS)
|
Batting: RHB José Ortega
|
0-0: Called Strike 0-1: Ball 1-1: Ball 2-1: Ball 3-1: Base on Balls
|
Batting: RHB John Little
|
0-0: Called Strike 0-1: Called Strike 0-2: Ball 1-2: Ball 2-2: Fly out, F7 (Flyball, 78M)
|
Top of the 4th over - 0 run(s), 0 hit(s), 0 error(s), 1 left on base; Gainesville 0 - BlackIron 0 |
BOTTOM OF THE 4TH |
BlackIron Dragons batting - Pitching for Gainesville Guidos : LHP Dave Blackwell
|
Batting: LHB Manuel Cardenas
|
0-0: Foul Ball, location: 2F 0-1: Ground out 4-3 (Groundball, 34)
|
Batting: RHB Gil Palmer
|
0-0: Called Strike 0-1: Ball 1-1: Foul Ball, location: 2F 1-2: Fly out, F6 (Popup, 5L)
|
Batting: LHB Culley Vaughan
|
0-0: Swinging Strike 0-1: Foul Ball, location: 2F 0-2: Ground out 3-1 (Groundball, 34)
|
Bottom of the 4th over - 0 run(s), 0 hit(s), 0 error(s), 0 left on base; Gainesville 0 - BlackIron 0 |
TOP OF THE 5TH |
Gainesville Guidos batting - Pitching for BlackIron Dragons : RHP Augusto Méndez
|
Batting: RHB Alfredo Díaz
|
0-0: Ball 1-0: Ball 2-0: Ball 3-0: Called Strike 3-1: Foul Ball, location: 2F 3-2: Base on Balls
|
Batting: RHB Kyle O'Day
|
0-0: Ball 1-0: Ball Alfredo Díaz is caught stealing 2nd base 2-0: Ball 3-0: Called Strike 3-1: Base on Balls
|
Batting: RHB Júlio Galló
|
0-0: Ball 1-0: Swinging Strike 1-1: Ball Wild Pitch! Kyle O'Day to second 2-1: Fly out, F2 (Popup, 2RF)
|
Batting: RHB Iván Moreno
|
0-0: Ball 1-0: Ball 2-0: Called Strike 2-1: TRIPLE (Groundball, 3L) Kyle O'Day scores
|
Batting: LHB Eddy Jefferson
|
0-0: Ball 1-0: Ball 2-0: Ball 3-0: Base on Balls
|
Batting: LHB Mark Owens
|
0-0: Swinging Strike 0-1: Foul Ball, location: 2F 0-2: Strikes out swinging
|
Top of the 5th over - 1 run(s), 1 hit(s), 0 error(s), 2 left on base; Gainesville 1 - BlackIron 0 |
BOTTOM OF THE 5TH |
BlackIron Dragons batting - Pitching for Gainesville Guidos : LHP Dave Blackwell
|
Batting: RHB Frank Maxwell
|
0-0: Foul Ball, location: 2F 0-1: Ball 1-1: Ball 2-1: SINGLE (Groundball, 34)
|
Batting: RHB Mark Arnold
|
0-0: Foul Ball, location: 2F 0-1: Ball 1-1: Called Strike 1-2: Ball 2-2: Ball 3-2: Foul Ball, location: 2F 3-2: Base on Balls Frank Maxwell to second
|
Batting: RHB Preston MacLyan
|
0-0: Called Strike 0-1: Ball 1-1: Called Strike 1-2: Grounds into double play, 6-4-3 (Groundball, 6) Frank Maxwell to third
|
Pitching: RHP Matt Johnston
|
|
Batting: RHB Doug O'Brien
|
0-0: Ball 1-0: Foul Ball, location: 2F 1-1: Ball 2-1: Ball 3-1: Foul Ball, location: 2F 3-2: Base on Balls
|
Batting: RHB Eugene Payne
|
0-0: Fly out, F5 (Line Drive, 56)
|
Bottom of the 5th over - 0 run(s), 1 hit(s), 0 error(s), 2 left on base; Gainesville 1 - BlackIron 0 |
TOP OF THE 6TH |
Gainesville Guidos batting - Pitching for BlackIron Dragons : RHP Augusto Méndez
|
Pitching: RHP Bret McJannett
|
|
Batting: LHB António Cedeño
|
0-0: Foul Ball, location: 2F 0-1: Called Strike 0-2: Ball 1-2: Fly out, F8 (Line Drive, 89XD)
|
Batting: RHB José Ortega
|
0-0: Swinging Strike 0-1: Ball 1-1: Foul Ball, location: 2F 1-2: Ground out 2-3 (Groundball, 2R)
|
Batting: RHB John Little
|
0-0: Foul Ball, location: 2F 0-1: Swinging Strike 0-2: Strikes out swinging
|
Top of the 6th over - 0 run(s), 0 hit(s), 0 error(s), 0 left on base; Gainesville 1 - BlackIron 0 |
BOTTOM OF THE 6TH |
BlackIron Dragons batting - Pitching for Gainesville Guidos : RHP Matt Johnston
|
Batting: LHB Donnie Cunningham
|
0-0: Ball 1-0: Ball 2-0: Ball 3-0: Called Strike 3-1: Foul Ball, location: 2F 3-2: Strikes out swinging
|
Batting: LHB Manuel Cardenas
|
0-0: Ball 1-0: Ball 2-0: Called Strike 2-1: Fly out, F7 (Flyball, 78M)
|
Batting: RHB Gil Palmer
|
0-0: Called Strike 0-1: Ball 1-1: SINGLE (Groundball, 6MS)
|
Batting: LHB Culley Vaughan
|
0-0: Foul Ball, location: 2F 0-1: Ball 1-1: Reached on error, E6 (Groundball, 6M) Gil Palmer to second
|
Batting: RHB Frank Maxwell
|
0-0: Ball 1-0: Ball 2-0: Fielders Choice at 2nd, 5-4 (Groundball, 56)
|
Bottom of the 6th over - 0 run(s), 1 hit(s), 1 error(s), 1 left on base; Gainesville 1 - BlackIron 0 |
TOP OF THE 7TH |
Gainesville Guidos batting - Pitching for BlackIron Dragons : RHP Bret McJannett
|
Batting: RHB Alfredo Díaz
|
0-0: Called Strike 0-1: Ball 1-1: Swinging Strike 1-2: Strikes out swinging
|
Batting: RHB Kyle O'Day
|
0-0: Foul Ball, location: 2F 0-1: Ball 1-1: Ground out 6-3 (Groundball, 6)
|
Batting: RHB Júlio Galló
|
0-0: Ball 1-0: Ball 2-0: Fly out, F8 (Flyball, 8RM)
|
Top of the 7th over - 0 run(s), 0 hit(s), 0 error(s), 0 left on base; Gainesville 1 - BlackIron 0 |
BOTTOM OF THE 7TH |
BlackIron Dragons batting - Pitching for Gainesville Guidos : RHP Matt Johnston
|
Batting: RHB Mark Arnold
|
0-0: Foul Ball, location: 2F 0-1: Ball 1-1: Ball 2-1: Foul Ball, location: 2F 2-2: Strikes out swinging
|
Batting: RHB Preston MacLyan
|
0-0: Called Strike 0-1: Foul Ball, location: 2F 0-2: Fly out, F4 (Popup, 34D)
|
Pitching: RHP Mario Tovar
|
|
Batting: RHB Doug O'Brien
|
0-0: Foul Ball, location: 2F 0-1: Ball 1-1: SOLO HOME RUN (Flyball, 7D), Distance : 421 ft
|
Batting: RHB Eugene Payne
|
0-0: Ground out 4-3 (Groundball, 4)
|
Bottom of the 7th over - 1 run(s), 1 hit(s), 0 error(s), 0 left on base; Gainesville 1 - BlackIron 1 |
TOP OF THE 8TH |
Gainesville Guidos batting - Pitching for BlackIron Dragons : RHP Bret McJannett
|
Pitching: LHP Roberto Ontiveros
|
|
Pinch Hitting: RHB Kurt Walter
|
0-0: Foul Ball, location: 2F 0-1: Foul Ball, location: 2F 0-2: Ball 1-2: Foul Ball, location: 2F 1-2: Foul Ball, location: 2F 1-2: Fly out, F9 (Flyball, 9D)
|
Pinch Hitting: SHB Kent Phillips
|
0-0: Called Strike 0-1: Fly out, F8 (Flyball, 8RD)
|
Batting: LHB Mark Owens
|
0-0: Ball 1-0: Ball 2-0: Called Strike 2-1: Foul Ball, location: 2F 2-2: Foul Ball, location: 2F 2-2: Reached on Error, E7 (Flyball, 78S)
|
Batting: LHB António Cedeño
|
0-0: 2-RUN HOME RUN (Flyball, 89XD), Distance : 419 ft
|
Batting: RHB José Ortega
|
0-0: Ball 1-0: Foul Ball, location: 2F 1-1: Fly out, F5 (Line Drive, 56)
|
Top of the 8th over - 2 run(s), 1 hit(s), 1 error(s), 0 left on base; Gainesville 3 - BlackIron 1 |
BOTTOM OF THE 8TH |
BlackIron Dragons batting - Pitching for Gainesville Guidos : RHP Mario Tovar
|
Now at 3B: Will Evans
|
|
Now in CF: Mark McDonald
|
|
Batting: LHB Donnie Cunningham
|
0-0: Swinging Strike 0-1: Ball 1-1: Called Strike 1-2: Ball 2-2: Ball 3-2: Foul Ball, location: 2F 3-2: Strikes out swinging
|
Batting: LHB Manuel Cardenas
|
0-0: Ball 1-0: Called Strike 1-1: Ball 2-1: Ground out 5-3 (Groundball, 5)
|
Batting: RHB Gil Palmer
|
0-0: Ball 1-0: Foul Ball, location: 2F 1-1: Called Strike 1-2: Ground out 6-3 (Groundball, 6)
|
Bottom of the 8th over - 0 run(s), 0 hit(s), 0 error(s), 0 left on base; Gainesville 3 - BlackIron 1 |
TOP OF THE 9TH |
Gainesville Guidos batting - Pitching for BlackIron Dragons : LHP Roberto Ontiveros
|
Batting: RHB John Little
|
0-0: Foul Ball, location: 2F 0-1: Ball 1-1: Ground out 6-3 (Groundball, 6)
|
Batting: RHB Alfredo Díaz
|
0-0: Called Strike 0-1: Called Strike 0-2: Ball 1-2: Strikes out swinging
|
Batting: RHB Kyle O'Day
|
0-0: Ground out 6-3 (Groundball, 6M)
|
Top of the 9th over - 0 run(s), 0 hit(s), 0 error(s), 0 left on base; Gainesville 3 - BlackIron 1 |
BOTTOM OF THE 9TH |
BlackIron Dragons batting - Pitching for Gainesville Guidos : RHP Mario Tovar
|
Pitching: LHP Mike Scott
|
|
Batting: LHB Culley Vaughan
|
0-0: Ball 1-0: SINGLE (Flyball, 7LS)
|
Batting: RHB Frank Maxwell
|
0-0: Foul Ball, location: 2F 0-1: Ball 1-1: Foul Ball, location: 2F 1-2: Foul Ball, location: 2F 1-2: Ball 2-2: SINGLE (Groundball, 56) Culley Vaughan to second
|
Batting: RHB Mark Arnold
|
0-0: Fly out, F7 (Flyball, 78S)
|
Batting: RHB Preston MacLyan
|
0-0: Swinging Strike 0-1: Ball 1-1: Foul Ball, location: 2F 1-2: Ball 2-2: SINGLE (Line Drive, 89S) Culley Vaughan to third Frank Maxwell to second
|
Batting: RHB Doug O'Brien
|
0-0: SINGLE (Line Drive, 89S) Culley Vaughan scores Frank Maxwell to third Preston MacLyan to second Runner from 3rd tries for Home, SAFE, throw made home
|
Batting: RHB Eugene Payne
|
0-0: Called Strike 0-1: Swinging Strike 0-2: Strikes out looking
|
Batting: LHB Donnie Cunningham
|
0-0: Called Strike 0-1: Called Strike 0-2: Ball 1-2: Strikes out swinging
|
Bottom of the 9th over - 2 run(s), 4 hit(s), 0 error(s), 2 left on base; Gainesville 3 - BlackIron 3 |
TOP OF THE 10TH |
Gainesville Guidos batting - Pitching for BlackIron Dragons : LHP Roberto Ontiveros
|
Pitching: RHP Luis Canseco
|
|
Batting: RHB Júlio Galló
|
0-0: Ball 1-0: Fly out, F7 (Flyball, 7S)
|
Pinch Hitting: LHB Ed Murray
|
0-0: Fly out, F7 (Popup, 78S)
|
Pinch Hitting: RHB Doug Coleman
|
0-0: Called Strike 0-1: Swinging Strike 0-2: Strikes out looking
|
Top of the 10th over - 0 run(s), 0 hit(s), 0 error(s), 0 left on base; Gainesville 3 - BlackIron 3 |
BOTTOM OF THE 10TH |
BlackIron Dragons batting - Pitching for Gainesville Guidos : LHP Mike Scott
|
Now at 3B: Scott Young
|
|
Now in RF: Ed Murray
|
|
Pinch Hitting: LHB Chris Waggoner
|
0-0: Foul Ball, location: 2F 0-1: Called Strike 0-2: Foul Ball, location: 2F 0-2: Ball 1-2: Ground out 4-3 (Groundball, 4)
|
Batting: RHB Gil Palmer
|
0-0: Foul Ball, location: 2F 0-1: Ball 1-1: Ball 2-1: Ground out 1-3 (Groundball, 15S)
|
Batting: LHB Culley Vaughan
|
0-0: Called Strike 0-1: Ball 1-1: Ball 2-1: Ball 3-1: Called Strike 3-2: SINGLE (Groundball, 34D) (infield hit)
|
Batting: RHB Frank Maxwell
|
0-0: Foul Ball, location: 2F 0-1: Ball 1-1: Ball 2-1: Ball 3-1: Base on Balls Culley Vaughan to second
|
Pitching: RHP Marlon Ryan
|
|
Batting: RHB Mark Arnold
|
Pickoff Throw to Second - Error! E1 Culley Vaughan to third Frank Maxwell to second 0-0: Ball 1-0: Foul Ball, location: 2F 1-1: Foul Ball, location: 2F 1-2: Foul Ball, location: 2F 1-2: Foul Ball, location: 2F 1-2: Ball 2-2: Fly out, F7 (Flyball, 78M)
|
Bottom of the 10th over - 0 run(s), 1 hit(s), 1 error(s), 2 left on base; Gainesville 3 - BlackIron 3 |
TOP OF THE 11TH |
Gainesville Guidos batting - Pitching for BlackIron Dragons : RHP Luis Canseco
|
Now at 3B: Juan Hernández
|
|
Batting: LHB Mark Owens
|
0-0: Called Strike 0-1: Swinging Strike 0-2: Strikes out swinging
|
Batting: LHB António Cedeño
|
0-0: Ball 1-0: Ball 2-0: Fly out, F9 (Flyball, 89XD)
|
Batting: RHB José Ortega
|
0-0: Ball 1-0: Foul Ball, location: 2F 1-1: Foul Ball, location: 2F 1-2: Ball 2-2: Ball 3-2: Foul Ball, location: 2F 3-2: Foul Ball, location: 2F 3-2: Fly out, F9 (Flyball, 9D)
|
Top of the 11th over - 0 run(s), 0 hit(s), 0 error(s), 0 left on base; Gainesville 3 - BlackIron 3 |
BOTTOM OF THE 11TH |
BlackIron Dragons batting - Pitching for Gainesville Guidos : RHP Marlon Ryan
|
Batting: RHB Preston MacLyan
|
0-0: Ball 1-0: Swinging Strike 1-1: Called Strike 1-2: Strikes out swinging
|
Batting: RHB Doug O'Brien
|
0-0: Ball 1-0: Ball 2-0: Ball 3-0: Called Strike 3-1: Called Strike 3-2: Foul Ball, location: 2F 3-2: Base on Balls
|
Pinch Runner at 1st Gunner Allen:
|
|
Batting: RHB Eugene Payne
|
0-0: Called Strike Gunner Allen steals 2nd base 0-1: Swinging Strike 0-2: Foul Ball, location: 2F 0-2: Strikes out swinging
|
Batting: LHB Donnie Cunningham
|
0-0: Called Strike 0-1: Foul Ball, location: 2F 0-2: Ball 1-2: Strikes out swinging
|
Bottom of the 11th over - 0 run(s), 0 hit(s), 0 error(s), 1 left on base; Gainesville 3 - BlackIron 3 |
TOP OF THE 12TH |
Gainesville Guidos batting - Pitching for BlackIron Dragons : RHP Luis Canseco
|
Now at 1B: José Colón
|
|
Batting: RHB John Little
|
0-0: Ball 1-0: Ball 2-0: Foul Ball, location: 2F 2-1: Swinging Strike 2-2: Fly out, F7 (Flyball, 78M)
|
Batting: RHB Alfredo Díaz
|
0-0: Called Strike 0-1: Ball 1-1: Called Strike 1-2: Strikes out swinging
|
Batting: RHB Kyle O'Day
|
0-0: Called Strike 0-1: Ball 1-1: Fly out, F9 (Flyball, 89D)
|
Top of the 12th over - 0 run(s), 0 hit(s), 0 error(s), 0 left on base; Gainesville 3 - BlackIron 3 |
BOTTOM OF THE 12TH |
BlackIron Dragons batting - Pitching for Gainesville Guidos : RHP Marlon Ryan
|
Pinch Hitting: RHB Brady McIntyre
|
0-0: Foul Ball, location: 2F 0-1: Ball 1-1: SINGLE (Line Drive, 4D)
|
Batting: RHB Gil Palmer
|
0-0: Ball 1-0: Foul Ball, location: 2F 1-1: Foul Ball, location: 2F 1-2: Ball 2-2: Strikes out swinging
|
Batting: LHB Culley Vaughan
|
0-0: Ball 1-0: Ball 2-0: Called Strike 2-1: Fielders Choice at 2nd, 4-6 (Groundball, 4)
|
Batting: RHB Frank Maxwell
|
0-0: Called Strike 0-1: Ground out 4-3 (Groundball, 4)
|
Bottom of the 12th over - 0 run(s), 1 hit(s), 0 error(s), 1 left on base; Gainesville 3 - BlackIron 3 |
TOP OF THE 13TH |
Gainesville Guidos batting - Pitching for BlackIron Dragons : RHP Luis Canseco
|
Now at SS: Orlando Cintrón
|
|
Batting: RHB Júlio Galló
|
0-0: Ground out 6-3 (Groundball, 6)
|
Batting: LHB Ed Murray
|
0-0: Foul Ball, location: 2F 0-1: SINGLE (Groundball, 34D)
|
Batting: LHB Scott Young
|
0-0: Called Strike 0-1: Ball 1-1: Swinging Strike 1-2: Ball 2-2: Ball 3-2: Base on Balls Ed Murray to second
|
Batting: LHB Mark Owens
|
0-0: Foul Ball, location: 2F 0-1: Fly out, F7 (Flyball, 78D)
|
Batting: LHB António Cedeño
|
0-0: Ball 1-0: Swinging Strike 1-1: Ball 2-1: Called Strike 2-2: Foul Ball, location: 2F 2-2: Foul Ball, location: 2F 2-2: Ball 3-2: Fly out, F3 (Popup, 3F)
|
Top of the 13th over - 0 run(s), 1 hit(s), 0 error(s), 2 left on base; Gainesville 3 - BlackIron 3 |
BOTTOM OF THE 13TH |
BlackIron Dragons batting - Pitching for Gainesville Guidos : RHP Marlon Ryan
|
Batting: RHB Mark Arnold
|
0-0: Ball 1-0: Swinging Strike 1-1: Ball 2-1: Fly out, F9 (Flyball, 9D)
|
Batting: RHB Preston MacLyan
|
0-0: Foul Ball, location: 2F 0-1: Ball 1-1: Called Strike 1-2: Fly out, F3 (Popup, 3SF)
|
Pitching: LHP Ben Head
|
|
Batting: RHB José Colón
|
0-0: Fly out, F7 (Flyball, 78M)
|
Bottom of the 13th over - 0 run(s), 0 hit(s), 0 error(s), 0 left on base; Gainesville 3 - BlackIron 3 |
TOP OF THE 14TH |
Gainesville Guidos batting - Pitching for BlackIron Dragons : RHP Luis Canseco
|
Batting: RHB José Ortega
|
0-0: Ball 1-0: Ball 2-0: Foul Ball, location: 2F 2-1: Ball 3-1: Base on Balls
|
Batting: RHB John Little
|
0-0: Ball 1-0: Bunt missed! 1-1: Reached on error, E5 (Groundball, 5S) José Ortega to second
|
Batting: RHB Alfredo Díaz
|
0-0: Ball 1-0: Foul Ball, location: 2F 1-1: Ball 2-1: Ball 3-1: Base on Balls José Ortega to third John Little to second
|
Batting: RHB Kyle O'Day
|
0-0: Foul Ball, location: 2F 0-1: Called Strike 0-2: Strikes out swinging
|
Batting: RHB Júlio Galló
|
0-0: Called Strike 0-1: Foul Ball, location: 2F 0-2: Ball 1-2: Strikes out looking
|
Batting: LHB Ed Murray
|
0-0: Fly out, F8 (Line Drive, 8LM)
|
Top of the 14th over - 0 run(s), 0 hit(s), 1 error(s), 3 left on base; Gainesville 3 - BlackIron 3 |
BOTTOM OF THE 14TH |
BlackIron Dragons batting - Pitching for Gainesville Guidos : LHP Ben Head
|
Batting: RHB Eugene Payne
|
0-0: Ball 1-0: Foul Ball, location: 2F 1-1: Ball 2-1: Foul Ball, location: 2F 2-2: Foul Ball, location: 2F 2-2: Strikes out swinging
|
Batting: LHB Donnie Cunningham
|
0-0: Ball 1-0: Ball 2-0: Ball 3-0: Base on Balls
|
Batting: RHB Orlando Cintrón
|
0-0: Called Strike 0-1: Ball 1-1: Called Strike 1-2: Ball 2-2: Ball 3-2: Strikes out swinging
|
Batting: RHB Gil Palmer
|
0-0: Swinging Strike 0-1: Called Strike 0-2: Ball 1-2: SINGLE (Groundball, 4MD) Donnie Cunningham to second Runner from 2nd tries for 3rd, SAFE, no throw or cutoff
|
Batting: LHB Culley Vaughan
|
0-0: Ball 1-0: Called Strike 1-1: Ball 2-1: Foul Ball, location: 2F 2-2: Ball 3-2: Base on Balls Gil Palmer to second
|
Batting: RHB Frank Maxwell
|
0-0: Foul Ball, location: 2F 0-1: Called Strike 0-2: Ball 1-2: Ball 2-2: Ball 3-2: Ground out 5-3 (Groundball, 5S)
|
Bottom of the 14th over - 0 run(s), 1 hit(s), 0 error(s), 3 left on base; Gainesville 3 - BlackIron 3 |
TOP OF THE 15TH |
Gainesville Guidos batting - Pitching for BlackIron Dragons : RHP Luis Canseco
|
Batting: LHB Scott Young
|
0-0: Swinging Strike 0-1: Ball 1-1: Ball 2-1: Ball 3-1: Swinging Strike 3-2: Strikes out swinging
|
Batting: LHB Mark Owens
|
0-0: Fly out, F6 (Popup, 56)
|
Batting: LHB António Cedeño
|
0-0: Called Strike 0-1: Hit by Pitch
|
Batting: RHB José Ortega
|
0-0: Ball 1-0: Called Strike 1-1: Fielders Choice at 2nd, U6 (Groundball, 6M)
|
Top of the 15th over - 0 run(s), 0 hit(s), 0 error(s), 1 left on base; Gainesville 3 - BlackIron 3 |
BOTTOM OF THE 15TH |
BlackIron Dragons batting - Pitching for Gainesville Guidos : LHP Ben Head
|
Batting: RHB Mark Arnold
|
0-0: Ball 1-0: Ball 2-0: DOUBLE (Line Drive, 8LXD)
|
Batting: RHB Preston MacLyan
|
0-0: Called Strike 0-1: Called Strike 0-2: Strikes out swinging
|
Batting: RHB José Colón
|
0-0: Intentional Walk
|
Batting: RHB Eugene Payne
|
0-0: Fly out, F9 (Flyball, 9LMF)
|
Batting: LHB Donnie Cunningham
|
0-0: Ball 1-0: Foul Ball, location: 2F 1-1: Foul Ball, location: 2F 1-2: Fly out, F6 (Popup, 56D)
|
Bottom of the 15th over - 0 run(s), 1 hit(s), 0 error(s), 2 left on base; Gainesville 3 - BlackIron 3 |
TOP OF THE 16TH |
Gainesville Guidos batting - Pitching for BlackIron Dragons : RHP Luis Canseco
|
Batting: RHB John Little
|
0-0: Called Strike 0-1: Called Strike 0-2: Fly out, F8 (Line Drive, 8LD)
|
Batting: RHB Alfredo Díaz
|
0-0: Foul Ball, location: 2F 0-1: Ground out 5-3 (Groundball, 56)
|
Batting: RHB Kyle O'Day
|
0-0: Called Strike 0-1: Foul Ball, location: 2F 0-2: Strikes out looking
|
Top of the 16th over - 0 run(s), 0 hit(s), 0 error(s), 0 left on base; Gainesville 3 - BlackIron 3 |
BOTTOM OF THE 16TH |
BlackIron Dragons batting - Pitching for Gainesville Guidos : LHP Ben Head
|
Batting: RHB Orlando Cintrón
|
0-0: Ball 1-0: Ball 2-0: Ball 3-0: Base on Balls
|
Batting: RHB Gil Palmer
|
0-0: Ball 1-0: Ball 2-0: Ball 3-0: Called Strike 3-1: Fielders Choice at 2nd, 6-4 (Groundball, 6M)
|
Batting: LHB Culley Vaughan
|
0-0: Ball 1-0: Ground out 6-3 (Groundball, 4MS) Gil Palmer to second
|
Batting: RHB Frank Maxwell
|
0-0: Ball 1-0: Ball 2-0: Called Strike 2-1: Called Strike 2-2: Ground out 6-3 (Groundball, 6M)
|
Bottom of the 16th over - 0 run(s), 0 hit(s), 0 error(s), 1 left on base; Gainesville 3 - BlackIron 3 |
TOP OF THE 17TH |
Gainesville Guidos batting - Pitching for BlackIron Dragons : RHP Luis Canseco
|
Pitching: LHP Nick Walters
|
|
Batting: RHB Júlio Galló
|
0-0: Called Strike 0-1: Swinging Strike 0-2: Strikes out swinging
|
Batting: LHB Ed Murray
|
0-0: Ball 1-0: Ball 2-0: SINGLE (Line Drive, 34D)
|
Batting: LHB Scott Young
|
0-0: Called Strike 0-1: Swinging Strike 0-2: Ball 1-2: Grounds into double play, 1-6-3 (Groundball, 25)
|
Top of the 17th over - 0 run(s), 1 hit(s), 0 error(s), 0 left on base; Gainesville 3 - BlackIron 3 |
BOTTOM OF THE 17TH |
BlackIron Dragons batting - Pitching for Gainesville Guidos : LHP Ben Head
|
Batting: RHB Mark Arnold
|
0-0: Called Strike 0-1: Ball 1-1: Ball 2-1: Foul Ball, location: 2F 2-2: Ball 3-2: Base on Balls
|
Batting: RHB Preston MacLyan
|
0-0: Ball 1-0: Called Strike 1-1: Ball 2-1: Ball 3-1: Foul Ball, location: 2F 3-2: Fielders Choice at 2nd, 6-4 (Groundball, 6M)
|
Batting: RHB José Colón
|
0-0: Ball 1-0: Ball 2-0: Called Strike 2-1: Ball 3-1: Foul Ball, location: 2F 3-2: DOUBLE (Line Drive, 5L) Preston MacLyan to third Preston MacLyan scores
|
Monday, December 5th, 2016 - OOTP Baseball 17.12 Build 75
|
|